 Dungeon Crawl Stone Soup version 0.30-a0-989-g0d87f670db (webtiles) character file.

Game seed: 10763252551474908651

1953 MacCMillion the Skirmisher (level 8, -1/55 (63) HPs)
             Began as a Demigod Hunter on Apr 4, 2023.
             Slain by a wight
             ... wielding a +2 flail of freezing
              (4 damage)
             ... on level 7 of the Dungeon.
             The game lasted 00:09:50 (7946 turns).

MacCMillion the Skirmisher (Demigod Hunter)         Turns: 7946, Time: 00:09:51

HP:   -1/55 (63)    AC:  4    Str: 12    XL:     8   Next: 67%
MP:   10/10         EV: 19    Int: 11    God:
Gold: 284           SH:  0    Dex: 25    Spells: 7/7 levels left

rFire   . . .      SeeInvis .    a - +0 shortbow
rCold   . . .      Faith    .    (shield currently unavailable)
rNeg    . . .      Spirit   .    c - +0 leather armour
rPois   .          Reflect  .    (no helmet)
rElec   .          Rampage  .    (no cloak)
rCorr   .                        A - +0 pair of gloves
Will    .....                    (no boots)
Stlth   ++                       (no amulet)
HPRegen 0.29/turn                h - +5 ring of evasion
MPRegen 0.12/turn                (no ring)

@: about to teleport, heavily drained
A: high MP 1, forlorn, divine attributes
a: no special abilities


You were on level 7 of the Dungeon.
You visited 1 branch of the dungeon, and saw 7 of its levels.

You collected 284 gold pieces.

Inventory:

Hand Weapons
 a - a +0 shortbow (weapon)
Armour
 c - a +0 leather armour (worn)
 A - a +0 pair of gloves (worn)
Jewellery
 g - a ring of ice
 h - a +5 ring of evasion (left hand)
Wands
 v - a wand of iceblast (5)
Scrolls
 b - 2 scrolls of immolation
 f - 3 scrolls of teleportation
 i - 2 scrolls of amnesia {unknown}
 k - 3 scrolls of poison {unknown}
 m - 4 scrolls of fear {unknown}
 p - 2 scrolls of fog {unknown}
 q - a scroll of blinking {unknown}
 s - a scroll of silence {unknown}
 t - 2 scrolls of identify
 u - a scroll of enchant armour {unknown}
 x - 2 scrolls of vulnerability {unknown}
 y - 2 scrolls of magic mapping {unknown}
Potions
 d - a potion of ambrosia {unknown}
 e - 2 potions of magic
 j - 4 potions of curing
 l - 3 potions of haste
 n - a potion of invisibility {unknown}
 o - 4 potions of attraction {unknown}
 r - 2 potions of mutation {unknown}
 w - a potion of flight {unknown}
 z - a potion of heal wounds {unknown}


   Skills:
 + Level 3.3 Fighting
 + Level 10.4 Ranged Weapons
 + Level 3.4 Dodging
 - Level 2.0 Stealth


You had 7 spell levels left.
You didn't know any spells.
Your spell library contained the following spells:

 Spells                   Type           Power      Damage    Failure   Level
 Apportation              Tloc           0%         N/A       41%         1
 Kiss of Death            Conj/Necr      0%         2d5       41%         1
 Necrotise                Necr           0%         1d4       41%         1
 Summon Small Mammal      Summ           0%         N/A       41%         1
 Confusing Touch          Hex            0%         N/A       80%         3
 Ignite Poison            Fire/Tmut/Pois 0%         N/A       80%         3
 Dispel Undead            Necr           0%         3d6       99%         4
 Passage of Golubria      Tloc           0%         N/A       99%         4
 Sticky Flame             Conj/Fire      0%         2d3       99%         4
 Silence                  Hex/Air        0%         N/A       100%        5
 Ignition                 Fire           0%         3d3       100%        8
 Lehudib's Crystal Spear  Conj/Erth      0%         10d2      100%        8


Dungeon Overview and Level Annotations

Branches:
Dungeon (7/15)             Temple (0/1) D:6

Shops:
D:1 ?

Annotations:
D:5 1 runed translucent door, Crazy Yiuf


Innate Abilities, Weirdness & Mutations

You have an increased reservoir of magic. (+10% MP)
You shall have no god before yourself.
Your divine heritage dramatically boosts your attributes as you level up.


Message History

a +0 flail; a +0 robe Done exploring.
Done exploring.
Done exploring.
There is a stone staircase leading down here.
You climb downwards.
You hear the roar of battle.
There is an entrance to a bailey on this level.
Hurry and find it before the portal closes forever!
Found 14 gold pieces.
There is a stone staircase leading up here.
You shoot an arrow.
The arrow hits the wight but does no damage.
You shoot an arrow. The arrow hits the wight.
The wight is heavily damaged.
A wight comes into view. It is wielding a +2 halberd.
The wight hits you with a +0 short sword.
You feel drained. The wight closely misses you.
The wight hits you from afar with a +2 halberd!
You feel drained. The wight attacks as you move away!
The wight hits you but does no damage. The wight attacks as you move away!
The wight completely misses you. The wight misses you.
The wight attacks as you move away! The wight closely misses you.
Found 12 gold pieces and a wand of iceblast (9).
The wight attacks as you move away! The wight misses you.
The wight attacks as you move away!
The wight hits you with a +2 flail of freezing!
You feel drained. The wight freezes you.
Found a stone staircase leading down.
As you read the scroll of teleportation, it crumbles to dust.
You feel strangely unstable.
The wight hits you with a +2 flail of freezing!
* * * LOW HITPOINT WARNING * * *
You feel drained.
* * * LOW HITPOINT WARNING * * *
The wight freezes you.
* * * LOW HITPOINT WARNING * * *
The wight completely misses you. The wight attacks as you move away!
The wight hits you with a +2 flail of freezing.
You die...

... ..## # #..
../##
#.#..##...#####
##.#.$.......#.#
#.......$......##
>................
........z.....#
........z....##...
.......@##........
#.......zz...##..#
####.....#.......
#..............#
...............##
#.................
..................
..................
...##...........


You could see 4 wights.

Vanquished Creatures
  Prince Ribbit (D:5)
  Menkaure (D:6)
  A water moccasin (D:6)
  Duvessa (D:5)
  An ice beast (D:5)
  2 black bears
  A phantom (D:5)
  A gnoll sergeant (D:5)
  3 scorpions
  5 wights (D:6)
  Dowan (D:5)
  A hound (D:5)
  A sleepcap (D:4)
  Ijyb (D:3)
  An iguana (D:5)
  Jessica (D:3)
  Natasha (thrice) (D:3)
  4 orc wizards
  5 gnolls
  7 adders
  5 dart slugs
  18 orcs
  4 bats
  8 endoplasms
  2 giant cockroaches
  5 hobgoblins
  5 jackals (D:3)
  5 quokkas
  5 ball pythons
  A goblin (D:1)
  8 kobolds
  6 rats
114 creatures vanquished.

Notes
Turn   | Place    | Note
-------+----------+-------------------------------------------
     0 | D:1      | MacCMillion the Demigod Hunter began the quest for the Orb.
     0 | D:1      | Reached XP level 1. HP: 17/17 MP: 3/3
   153 | D:1      | Reached skill level 1 in Stealth
   250 | D:1      | Reached XP level 2. HP: 24/24 MP: 4/4
   324 | D:1      | Found Xenoag's Magic Scroll Shop.
   406 | D:1      | Reached skill level 4 in Ranged Weapons
   944 | D:2      | Reached XP level 3. HP: 29/29 MP: 5/5
  1270 | D:3      | Noticed Ijyb
  1274 | D:3      | Paralysed by Ijyb for 5 turns
  1283 | D:3      | Killed Ijyb
  1284 | D:3      | Reached skill level 5 in Ranged Weapons
  1284 | D:3      | Reached XP level 4. HP: 24/36 MP: 6/6
  1472 | D:3      | Noticed Jessica
  1475 | D:3      | Killed Jessica
  1796 | D:3      | Noticed Natasha
  1801 | D:3      | Killed Natasha
  1870 | D:3      | Noticed Natasha
  1877 | D:3      | Killed Natasha
  1878 | D:3      | Reached XP level 5. HP: 32/41 MP: 7/7
  2324 | D:3      | Noticed Natasha
  2398 | D:4      | Reached skill level 6 in Ranged Weapons
  4157 | D:4      | Reached XP level 6. HP: 42/48 MP: 8/8
  4391 | D:5      | Entered Level 5 of the Dungeon
  4420 | D:5      | Reached skill level 7 in Ranged Weapons
  4760 | D:5      | Noticed Duvessa
  4760 | D:5      | Noticed Dowan
  4849 | D:3      | Killed Natasha
  4975 | D:5      | Noticed Prince Ribbit
  4989 | D:5      | Killed Prince Ribbit
  4990 | D:5      | Reached skill level 8 in Ranged Weapons
  4990 | D:5      | Reached XP level 7. HP: 16/53 MP: 9/9
  5840 | D:5      | Reached skill level 9 in Ranged Weapons
  5923 | D:5      | Found a runed translucent door.
  5924 | D:5      | Noticed Crazy Yiuf
  6506 | D:5      | Killed Duvessa
  6524 | D:5      | Killed Dowan
  6618 | D:5      | Reached XP level 8. HP: 34/60 MP: 10/10
  7109 | D:6      | Reached skill level 10 in Ranged Weapons
  7137 | D:6      | Identified the +4 war axe of Vecuskan {spect, rC+ Str-5
                  | Dex+6}
  7217 | D:6      | Found a staircase to the Ecumenical Temple.
  7518 | D:6      | Noticed Menkaure
  7523 | D:6      | Killed Menkaure
  7946 | D:7      | Slain by a wight

Illustrated notes

Levels and vault maps discovered:
D:1:      lightli_arrival_farm, layout_basic, serial_shops,
          nicolae_shop_crystal, roderic_lattice_a
D:2:      layout_rooms
D:3:      layout_loops_ring, nicolae_overflow_hidden_temple, uniq_ijyb,
          uniq_natasha, uniq_jessica
D:4:      layout_basic
D:5:      layout_loops_ring, mainiacjoe_overflow_small_starburst, tso_altar,
          mainiacjoe_overflow_six_doors_small, nicolae_overflow_crystal_walls,
          uniq_prince_ribbit1, uniq_duvessa, uniq_crazy_yiuf_cottage
D:6:      layout_basic, lemuel_tele_altar, overflow_temple_1_default,
          minmay_temple_entry_hall, minmay_misc_feat_ornament, uniq_menkaure
D:7:      layout_cave_pools, nicolae_qazlal_eye_of_the_storm, serial_shops,
          nicolae_shop_waterfront, enter_bailey_8

Skill      XL: |  1  2  3  4  5  6  7  8 |
---------------+-------------------------+-----
Stealth        | 1 2 |  2.0
Ranged Weapons | 4 5 6 8 9 10 | 10.4
Fighting       | 3 |  3.3
Dodging        | 3 |  3.4

Action                     |  1- 3 |  4- 6 |  7- 9 || total
---------------------------+-------+-------+-------++-------
   Fire: Shortbow          |   118 |   160 |   181 ||   459
    Use: Scroll            |       |     3 |     1 ||     4
 Armour: Leather armour    |     9 |    10 |    12 ||    31
  Dodge: Dodged            |    49 |    80 |    75 ||   204

Table legend: (Time is in decaauts)
 A = Elapsed time spent in this place.
 B = Non-inter-level travel time spent in this place.
 C = Inter-level travel time spent in this place.
 D = Time resting spent in this place.
 E = Time spent auto-exploring this place.
 F = Levels seen in this place.
 G = Mean time per level.
                   A        B        C        D        E       F      G
               +--------+--------+--------+--------+--------+-----+--------+
         Total |   8066 |   7562 |    504 |   3014 |   3464 |   7 | 1152.3 |
       Dungeon |   8066 |   7562 |    504 |   3014 |   3464 |   7 | 1152.3 |
               +--------+--------+--------+--------+--------+-----+--------+

Top non-repeatable levels by time:
     D:4: 2057 daAuts
     D:5: 1911 daAuts
     D:3: 1910 daAuts
     D:6: 876 daAuts
     D:1: 844 daAuts
     D:2: 456 daAuts
     D:7: 8 daAuts
